 Dungeon Crawl Stone Soup version 0.31-a0-1363-g282adc679d (webtiles) character file.

Game seed: 4530132376986643406

175 Bnni the Digger (level 5, -3/38 HPs)
             Began as a Formicid Earth Elementalist on Dec 23, 2023.
             Slain by a gnoll
             ... wielding a +0 whip
              (10 damage)
             ... on level 4 of the Dungeon.
             The game lasted 00:04:58 (2644 turns).

Bnni the Digger (Formicid Earth Elementalist)       Turns: 2644, Time: 00:04:59

Health: -3/38      AC:  2    Str: 12    XL:     5   Next: 86%
Magic:  0/9        EV: 12    Int: 17    God:
Gold:   171        SH:  0    Dex: 14    Spells: 4/10 levels left

rFire   . . .        l - +0 hand axe
rCold   + . .        (no shield)
rNeg    . . .        a - +0 robe
rPois   .            (helmet unavailable)
rElec   .            (no cloak)
rCorr   .            (no gloves)
SInv    +            (no boots)
Will    +....        (no amulet)
Stlth   ++           d - ring of protection from cold
HPRegen 0.26/turn    n - ring of willpower
MPRegen 0.11/turn

%: no passive effects
@: no status effects
A: permanent stasis, dig shafts and tunnels, antennae 3, four strong arms
a: Dig, Shaft Self


You were on level 4 of the Dungeon.
You visited 1 branch of the dungeon, and saw 4 of its levels.

You collected 171 gold pieces.

Inventory:

Hand Weapons
 l - a +0 hand axe (weapon)
Armour
 a - a +0 robe (worn)
 p - a +0 chain mail
Jewellery
 d - a ring of protection from cold (left hand)
 g - a ring of protection from cold
 i - a ring of flight
 n - a ring of willpower (right hand)
Scrolls
 e - a scroll of blinking {unknown}
 f - 2 scrolls of identify {unknown}
 j - a scroll of fog {unknown}
 m - a scroll of silence {unknown}
 o - a scroll of teleportation {unknown}
 q - a scroll of enchant weapon {unknown}
Potions
 b - a potion of magic
 c - a potion of berserk rage {unknown}
 h - a potion of curing
 k - a potion of attraction
 r - a potion of lignification {unknown}


   Skills:
 + Level 2.2 Fighting
 - Level 1.7 Dodging
 - Level 2.4 Stealth
 + Level 3.1 Spellcasting
 * Level 1.2 Conjurations
 * Level 5.5 Earth Magic
 - Level 2.0 Alchemy


You had 4 spell levels left.
You knew the following spells:

 Your Spells              Type           Power      Damage    Failure   Level
a - Sandblast             Erth           42%        2d11      1%          1
b - Passwall              Alch/Erth      12%        N/A       5%          2
c - Stone Arrow           Conj/Erth      28%        3d8       13%         3

Your spell library contained the following spells:

 Spells                   Type           Power      Damage    Failure   Level
 Foxfire                  Conj/Fire      16%        2x1d4     13%         1
 Shock                    Conj/Air       16%        1d4       13%         1
 Petrify                  Alch/Erth      15%        N/A       36%         4
 Brom's Barrelling Bould  Conj/Erth      14%        2d4       38%         4
 Airstrike                Air            1%         2d(1-17)  86%         4
 Plasma Beam              Fire/Air       1%         2x1d11    100%        6
 Starburst                Conj/Fire      2%         6d3       100%        6
 Swiftness                Air            Unusable   N/A       N/A         3

Dungeon Overview and Level Annotations

Branches:
Dungeon (3/15)

Altars:

Shops:
D:2 [


Innate Abilities, Weirdness & Mutations

You cannot be hasted, slowed, berserked, paralysed or teleported.
You can dig through walls and to a lower floor.
You have a pair of large antennae on your head. (SInv)
Your four strong arms can wield two-handed weapons with a shield.


Message History

Aiming: Sandblast (safe; 1% risk of failure)
Press: ? - help, Q - select action, (/) - cycle Shift-Dir - straight line, f/p - gnoll
Aim: a gnoll, wielding a +0 spear (moderately wounded, 85% to hit)
The blast of sand hits the gnoll.
The gnoll is severely wounded.
The gnoll barely misses you.
The gnoll hits you from afar with a +0 spear.
You don't have enough magic to cast this spell.
Unknown command.
The gnoll attacks as it pursues you!
The gnoll hits you from afar with a +0 spear!
Aiming: Sandblast (safe; 1% risk of failure)
Press: ? - help, Q - select action, (/) - cycle Shift-Dir - straight line, f/p - gnoll
Aim: a gnoll, wielding a +0 spear (severely wounded, 85% to hit)
The blast of sand hits the gnoll!
You kill the gnoll!
Unknown command.
Aiming: Sandblast (safe; 1% risk of failure)
Press: ? - help, Q - select action, (/) - cycle Shift-Dir - straight line, f - gnoll
Aim: a gnoll, wielding a +0 whip (85% to hit)
The blast of sand hits the gnoll.
The gnoll is lightly wounded.
Unknown command.
You barely miss the gnoll.
The gnoll is lightly wounded.
The gnoll barely misses you.
Aiming: Sandblast (safe; 1% risk of failure)
Press: ? - help, Q - select action, (/) - cycle Shift-Dir - straight line, f/p - gnoll
Aim: a gnoll, wielding a +0 whip (lightly wounded, 85% to hit)
The blast of sand misses the gnoll.
The blast of sand hits the gnoll.
The gnoll is heavily wounded.
The gnoll hits you with a +0 whip! The gnoll misses you.
You hit the gnoll.
The gnoll is severely wounded.
You hit the gnoll. The gnoll hits you with a +0 whip.
* * * LOW HITPOINT WARNING * * *
The gnoll closely misses you. The gnoll barely misses you.
Unknown command.
The gnoll attacks as it pursues you! The gnoll hits you with a +0 whip!
You die...

#.# ##.####g#
#.## #.#
#.####.......#
#g.. #####.#
#.......######
#.#. ......#
#####...# #.##
###.#.# #...#
..# #.#.#
#...# ####
###.#########
#g..#######
#...#.......#
#.g........
###.#.#####.#
#.@########
#...# #.# #..#
##### #.#
#..####### #.#
#.........
#.####.#######
#.............
######........
#########


You could see 2 gnolls.

Vanquished Creatures
  An iguana (D:4)
  6 gnolls (D:4)
  2 adders (D:2)
  A worm (D:2)
  2 dart slugs (D:1)
  2 orcs (D:3)
  3 bats (D:2)
  3 endoplasms
  4 giant cockroaches
  10 hobgoblins
  4 kobolds (D:1)
  4 quokkas
  8 ball pythons
  6 frilled lizards
  7 rats
63 creatures vanquished.

Vanquished Creatures (others)
  A butterfly (D:3)
1 creature vanquished.

Grand Total: 64 creatures vanquished

Notes
Turn   | Place    | Note
-------+----------+-------------------------------------------
     0 | D:1      | Bnni the Formicid Earth Elementalist began the quest for
                  | the Orb.
     0 | D:1      | Reached XP level 1. HP: 13/13 MP: 3/3
   196 | D:1      | Reached XP level 2. HP: 15/20 MP: 0/5
   287 | D:1      | Reached skill level 4 in Earth Magic
   466 | D:1      | Reached skill level 1 in Fighting
   466 | D:1      | Reached XP level 3. HP: 17/26 MP: 3/6
  1295 | D:2      | Learned a level 2 spell: Passwall
  1299 | D:2      | Learned a level 3 spell: Stone Arrow
  1503 | D:2      | Reached XP level 4. HP: 32/32 MP: 6/8
  1548 | D:2      | Found Numudant's Armour Emporium.
  2301 | D:3      | Reached skill level 5 in Earth Magic
  2310 | D:3      | You fall into a shaft and drop 1 floor!
  2443 | D:4      | Reached XP level 5. HP: 16/38 MP: 2/9
  2614 | D:4      | Reached skill level 1 in Conjurations
  2644 | D:4      | Slain by a gnoll

Illustrated notes

Levels and vault maps discovered:
D:1:      dpeg_arrival_boxorama, layout_loops_ring, minmay_cut_off
D:2:      layout_basic, serial_shops, shop, minmay_pentomino_v4
D:3:      layout_basic, zin_statuary, lemuel_doored_altar,
          nicolae_elyvilon_peaceful_grove
D:4:      layout_basic, mainiacjoe_overflow_chevrons,
          pf_guarded_unrand_woodcutter

Skill      XL: |  1  2  3  4  5 |
---------------+----------------+-----
Alchemy        | 2 |  2.0
Earth Magic    | 4 5 |  5.5
Fighting       | 1 2 |  2.2
Spellcasting   | 3 |  3.1
Conjurations   | 1 |  1.2
Dodging        | |  1.7
Stealth        | |  2.4

Action                     |  1- 3 |  4- 6 || total
---------------------------+-------+-------++-------
  Melee: Unarmed           |    16 |       ||    16
         Hand axe          |       |     2 ||     2
   Cast: Sandblast         |    45 |    53 ||    98
Ability: Shaft Self        |       |     1 ||     1
    Use: Potion            |       |     3 ||     3
 Armour: Robe              |    16 |    18 ||    34
  Dodge: Dodged            |    13 |    26 ||    39

Table legend: (Time is in decaauts)
 A = Elapsed time spent in this place.
 B = Non-inter-level travel time spent in this place.
 C = Inter-level travel time spent in this place.
 D = Time resting spent in this place.
 E = Time spent auto-exploring this place.
 F = Levels seen in this place.
 G = Mean time per level.
                   A        B        C        D        E       F      G
               +--------+--------+--------+--------+--------+-----+--------+
         Total |   2690 |   2598 |     92 |    174 |   2009 |   4 |  672.5 |
       Dungeon |   2690 |   2598 |     92 |    174 |   2009 |   4 |  672.5 |
               +--------+--------+--------+--------+--------+-----+--------+

Top non-repeatable levels by time:
     D:1: 1305 daAuts
     D:2: 1000 daAuts
     D:4: 345 daAuts
     D:3: 38 daAuts
